 Dungeon Crawl Stone Soup version 0.22.1-1-ga44c0e56f4 (webtiles) character file.

2496 Eralyen the Cleaver (level 9, -14/70 HPs)
             Began as a Hill Orc Monk on Sept 19, 2018.
             Was an Elder of Beogh.
             Demolished by a two-headed ogre
             ... wielding a +0 giant club
              (17 damage)
             ... on level 9 of the Dungeon on Sept 20, 2018.
             The game lasted 00:55:29 (8499 turns).

Eralyen the Cleaver (Hill Orc Monk)                 Turns: 8499, Time: 00:55:31

Health: -14/70     AC: 13    Str: 21    XL:     9   Next: 52%
Magic:  13/13      EV: 11    Int: 10    God:    Beogh [****..]
Gold:   392        SH:  0    Dex: 13    Spells: 8/8 levels left

rFire    . . .     SeeInvis +   a - +1 hand axe
rCold    + . .     Gourm    .   (no shield)
rNeg     + . .     Faith    +   H - +1 scale mail of Juabaoc {rC+ MR- Str+4 Stlth+}
rPois    .         Spirit   .   (no helmet)
rElec    .         Reflect  .   L - +0 cloak
rCorr    .         Harm     .   k - +2 pair of gloves
MR       .....                  (no boots)
Stlth    +.........             f - amulet of faith
HPRegen  0.21/turn              I - ring of see invisible
MPRegen  0.13/turn              G - ring of positive energy

@: no status effects
A: no striking features
a: Smiting, Recall Orcish Followers, Renounce Religion


You were on level 9 of the Dungeon.
You worshipped Beogh.
Beogh was greatly pleased with you.
You were very hungry.

You visited 1 branch of the dungeon, and saw 9 of its levels.

You collected 557 gold pieces.
You spent 165 gold pieces at shops.

Inventory:

Hand Weapons
 a - a +1 hand axe (weapon)
 b - a +0 blowgun
 p - a +0 spear
 s - a +0 spear
 t - a +0 trident
 u - a +0 trident
 D - a +0 trident
 E - a +0 spear
 Q - a cursed -2 war axe
 S - the cursed +1 trident "Oschak" {vamp, +Fly rPois rN+}
   (You found it on level 8 of the Dungeon)

   It inflicts no extra harm, but heals its wielder when it wounds a living foe.
   It protects you from poison.
   It protects you from negative energy.
   It lets you fly.
   It has a curse placed upon it.
 U - a cursed -2 battleaxe
Missiles
 e - 3 curare-tipped needles
 h - 190 stones (quivered)
 z - 70 poisoned needles
 T - 7 needles of confusion
Armour
 k - a +2 pair of gloves (worn)
 v - a +1 chain mail of poison resistance
 B - a +0 plate armour
 H - the +1 scale mail of Juabaoc (worn) {rC+ MR- Str+4 Stlth+}
   (You took it off an orc on level 5 of the Dungeon)

   It affects your strength (+4).
   It protects you from cold.
   It affects your resistance to hostile enchantments.
   It makes you more stealthy.
 L - a +0 cloak (worn)
 R - the +1 ring mail of Zaufe {rCorr Str+4 Int+4}
   (You found it on level 7 of the Dungeon)

   It affects your strength (+4).
   It affects your intelligence (+4).
   It provides partial protection from all sources of acid and corrosion.
Magical Staves
 F - an uncursed staff of poison {unknown}
Jewellery
 f - an amulet of faith (around neck)
 l - an uncursed ring of fire
 q - an uncursed amulet of the acrobat
 G - a ring of positive energy (right hand)
 I - a ring of see invisible (left hand)
 O - an uncursed ring of protection from cold
Wands
 M - a wand of digging (4)
 P - a wand of random effects (12)
Scrolls
 d - 3 scrolls of remove curse
 g - a scroll of identify
 i - 2 scrolls of enchant weapon
 j - a scroll of fear {unknown}
 o - 2 scrolls of teleportation
 r - 2 scrolls of noise {unknown}
 w - 2 scrolls of amnesia {unknown}
 x - 3 scrolls of immolation {unknown}
 y - a scroll of blinking {unknown}
 K - 2 scrolls of enchant armour {unknown}
 V - 3 scrolls of magic mapping {unknown}
Potions
 m - 2 potions of cancellation
 n - a potion of heal wounds {unknown}
 A - a potion of magic {unknown}
 C - a potion of agility {unknown}
 J - a potion of mutation {unknown}
 N - a potion of lignification {unknown}
 W - a potion of brilliance {unknown}
Comestibles
 c - 9 rations
 X - 3 chunks of flesh


   Skills:
 - Level 3.6 Fighting
 + Level 12.6 Axes
 - Level 0.2 Throwing
 + Level 6.8 Armour
 - Level 2.4 Dodging
 - Level 1.5 Stealth
 * Level 6.6 Invocations


You had 8 spell levels left.
You didn't know any spells.
Your spell library contained the following spells:

 Spells                   Type           Power        Failure   Level  Hunger
 Beastly Appendage        Tmut           #.....       67%         1    ##.....
 Sticks to Snakes         Tmut           #.......     80%         2    ###....
 Spider Form              Tmut/Pois      #.........   95%         3    ####...
 Ice Form                 Ice/Tmut       #.......     100%        4    #####..
 Blade Hands              Tmut           #.........   100%        5    ######.


Dungeon Overview and Level Annotations

Branches:
Dungeon (9/15)             Temple (0/1) D:7
   Lair: D:8-11         Orc: D:9-12

Altars:

Shops:
D:5 =   D:9 [

Annotations:
D:4 Eustachio, Sigmund


Message History

You hit the orc priest.
The orc priest is heavily wounded.
The orc priest miscasts a cantrip.
You hit the orc priest but do no damage.
The orc priest is heavily wounded.
The orc priest looks braver for a moment.
Found a hardcover book.
The two-headed ogre hits you with a giant club.
The two-headed ogre hits you with a giant spiked club!!
* * * LOW HITPOINT WARNING * * *
The jelly quivers.
Things that are here:
a club; 2 arrows The orc priest invokes the aid of Beogh against you.
Beogh smites you!
* * * LOW HITPOINT WARNING * * *
The two-headed ogre hits you with a giant club.
* * * LOW HITPOINT WARNING * * *
The two-headed ogre hits you with a giant spiked club!
You die...

......... ...∩.... ..
..%.... .. ...... .#
#..... ########.# #.....
######.......:# ###?hJh.
.......@.....####...W.O.
...#...)OhJ.###...####o#
##......).<..### #o#
#.....o)##### #.#
.#......W##########.#
.........h.h.Wh..h.c#
..###.....############
.# #.....# #......


You could see a two-headed ogre, a hungry ghost, 2 hounds, a jelly and an orc
priest.

Vanquished Creatures
  A hippogriff (D:7)
  A hungry ghost (D:9)
  Edmund (D:4)
  3 orc warriors
  An ice beast (D:5)
  An ogre (D:4)
  A big kobold (D:7)
  3 bullfrogs
  A scorpion (D:5)
  3 wights (D:7)
  A howler monkey (D:8)
  2 crimson imps
  7 orc priests
  A gnoll shaman (D:5)
  2 jellies
  2 bullfrog skeletons
  3 hounds
  A centaur skeleton (D:7)
  Terence (D:2)
  8 orc wizards
  3 worker ants
  A hound zombie (D:6)
  2 hound skeletons
  6 gnolls
  5 adders
  A shadow imp (D:8)
  An adder zombie (D:5)
  An adder skeleton (D:7)
  3 dart slugs
  6 worms
  4 leopard geckos
  19 orcs
  A giant cockroach (D:1)
  5 goblins
  8 hobgoblins
  8 jackals
  7 quokkas
  10 bats
  4 frilled lizards
  10 kobolds
  10 rats
159 creatures vanquished.

Vanquished Creatures (collateral kills)
  A bullfrog (D:7)
  A worker ant (D:7)
  A leopard gecko (D:6)
  3 orcs
  A kobold (D:7)
7 creatures vanquished.

Vanquished Creatures (others)
  An orc wizard (D:8)
  An orc priest (D:4)
  An adder (D:4)
  7 orcs
  2 jackals (D:4)
12 creatures vanquished.

Grand Total: 178 creatures vanquished

Notes
Turn   | Place    | Note
-------+----------+-------------------------------------------
     0 | D:1      | Eralyen the Hill Orc Monk began the quest for the Orb.
     0 | D:1      | Reached XP level 1. HP: 19/19 MP: 1/1
   184 | D:1      | Reached XP level 2. HP: 26/26 MP: 2/2
   377 | D:1      | Reached skill level 5 in Axes
   460 | D:1      | Reached XP level 3. HP: 25/31 MP: 3/3
   864 | D:1      | Reached skill level 1 in Armour
  1390 | D:2      | Noticed Terence
  1422 | D:2      | Killed Terence
  1422 | D:2      | Reached skill level 6 in Axes
  1422 | D:2      | Reached XP level 4. HP: 27/39 MP: 4/4
  2127 | D:3      | Reached XP level 5. HP: 37/45 MP: 5/5
  2491 | D:4      | Reached skill level 7 in Axes
  2494 | D:4      | Became a worshipper of Beogh the Brigand
  2494 | D:4      | Reached * piety under Beogh
  2494 | D:4      | Reached ** piety under Beogh
  2496 | D:4      | Noticed Edmund
  2900 | D:4      | Noticed an ogre
  2909 | D:4      | Killed an ogre
  2909 | D:4      | Reached skill level 1 in Invocations
  2909 | D:4      | Reached XP level 6. HP: 51/51 MP: 5/7
  2928 | D:4      | Noticed Eustachio
  3058 | D:4      | Killed Edmund
  3058 | D:4      | Reached skill level 8 in Axes
  3119 | D:4      | Reached XP level 7. HP: 19/57 MP: 9/9
  3323 | D:4      | Noticed Sigmund
  3369 | D:5      | Entered Level 5 of the Dungeon
  3415 | D:5      | Reached skill level 9 in Axes
  3951 | D:5      | Found Disso's Jewellery Boutique.
  4473 | D:5      | Got a jewelled scale mail
  4475 | D:5      | Identified the +1 scale mail of Juabaoc {rC+ MR- Str+4
                  | Stlth+} (You took it off an orc on level 5 of the Dungeon)
  4686 | D:5      | Reached XP level 8. HP: 61/64 MP: 11/11
  4694 | D:5      | Upgraded the game from 0.22.1 to 0.22.1-1-ga44c0e56f4
  4727 | D:5      | Bought an uncursed ring of see invisible for 165 gold
                  | pieces
  4826 | D:5      | Reached skill level 10 in Axes
  5680 | D:6      | Reached *** piety under Beogh
  5828 | D:6      | Reached skill level 5 in Armour
  6017 | D:6      | Reached skill level 5 in Invocations
  6658 | D:7      | Noticed a hippogriff
  6680 | D:7      | Reached skill level 11 in Axes
  6689 | D:7      | Killed a hippogriff
  6689 | D:7      | Reached XP level 9. HP: 17/70 MP: 9/13
  6756 | D:7      | Found a staircase to the Ecumenical Temple.
  7056 | D:7      | Got a fine ring mail
  7067 | D:7      | Identified the +1 ring mail of Zaufe {rCorr Str+4 Int+4}
                  | (You found it on level 7 of the Dungeon)
  7460 | D:8      | Got an ichor-stained trident
  7461 | D:8      | Identified the cursed +1 trident "Oschak" {vamp, +Fly rPois
                  | rN+} (You found it on level 8 of the Dungeon)
  7613 | D:8      | Reached **** piety under Beogh
  7613 | D:8      | Reached skill level 12 in Axes
  8458 | D:9      | Noticed a two-headed ogre
  8460 | D:9      | Found Kociokog's Armour Emporium.
  8499 | D:9      | HP: 3/70 [two-headed ogre/giant club (1)]
  8499 | D:9      | Demolished by a two-headed ogre

Skill      XL: |  1  2  3  4  5  6  7  8  9 |
---------------+----------------------------+-----
Axes           | 5 6 7 8 9 11 12 | 12.6
Armour         | 1 2 4 6 |  6.8
Invocations    | 1 3 4 5 6 |  6.6
Fighting       | |  3.6
Throwing       | |  0.2
Dodging        | |  2.4
Stealth        | |  1.5

Action                   |  1- 3 |  4- 6 |  7- 9 || total
-------------------------+-------+-------+-------++-------
Melee: Hand axe          |   166 |   255 |   554 ||   975
 Fire: Blowgun           |       |    10 |     5 ||    15
Throw: Stone             |     4 |       |     2 ||     6
Invok: Convert to Beogh  |       |     1 |       ||     1
       Smiting           |       |       |     2 ||     2
Evoke: Wand              |       |       |     2 ||     2
  Use: Scroll            |     2 |     1 |     5 ||     8
       Potion            |       |       |     1 ||     1
 Stab: Distracted        |       |       |     3 ||     3
       Sleeping          |       |       |     1 ||     1
  Eat: Chunk             |     2 |     5 |    10 ||    17
       Ration            |       |       |     3 ||     3
Armor: Chain mail        |    93 |   157 |    70 ||   320
       Scale mail        |       |       |   117 ||   117
Dodge: Dodged            |    66 |    72 |   180 ||   318
